 Dungeon Crawl Stone Soup version 0.29-a0-370-gb5314be063 (webtiles) character file.

Game seed: 18272039370899990711

8856 Lekart the Basher (level 11, -3/92 HPs)
             Began as a Grey Draconian Fighter on May 1, 2022.
             Was a Priest of Makhleb.
             Killed from afar by an orc wizard (7 damage)
             ... with a magic dart
             ... on level 10 of the Dungeon.
             The game lasted 00:14:09 (9197 turns).

Lekart the Basher (Grey Draconian Fighter)          Turns: 9197, Time: 00:14:10

Health: -3/92      AC: 17    Str: 18    XL:     11   Next: 15%
Magic:  16/16      EV: 15    Int: 10    God:    Makhleb [***...]
Gold:   238        SH:  7    Dex: 14    Spells: 10/10 levels left

rFire   . . .      SeeInvis .   a - +0 war axe
rCold   + . .      Faith    .   b - +1 buckler
rNeg    . . .      Spirit   .   (body armour unavailable)
rPois   .          Reflect  .   w - +1 hat
rElec   .          Harm     .   y - +1 cloak
rCorr   .          Rampage  .   h - +0 pair of gloves
Will    .....      Rage     1%  j - +0 pair of boots
Stlth   +.........              (no amulet)
HPRegen 0.25/turn               (no ring)
MPRegen 0.15/turn               (no ring)

@: lethally poisoned (-3 -> -13), about to teleport, invisible
A: AC +12, amphibious, unfitting armour, cold-blooded, beak, stinger 1, berserk
1, cold resistance 1
a: Renounce Religion, Minor Destruction, Lesser Servant of Makhleb


You were on level 10 of the Dungeon.
You worshipped Makhleb.
Makhleb was most pleased with you.
You visited 2 branches of the dungeon, and saw 10 of its levels.

You collected 440 gold pieces.
You spent 202 gold pieces at shops.

Inventory:

Hand Weapons
 a - a +0 war axe (weapon)
 d - a +3 dagger of venom
 g - a +5 dagger of freezing
 s - the +7 whip of Ignis's Esteem {vorpal, Dex+4}
   (You bought it in a shop on level 6 of the Dungeon)

   It inflicts extra damage upon your enemies.
   Dex:       It affects your dexterity (+4).
Armour
 b - a +1 buckler (worn)
 h - a +0 pair of gloves (worn)
 j - a +0 pair of boots (worn)
 w - a +1 hat (worn)
 y - a +1 cloak (worn)
Jewellery
 e - an amulet of regeneration
 f - a ring of ice
 m - a ring of resist corrosion
Wands
 i - a wand of acid (2)
 o - a wand of flame (26)
 q - a wand of iceblast (13)
 t - a wand of polymorph (5)
 z - a wand of paralysis (10)
 A - a wand of charming (2)
Scrolls
 l - a scroll of blinking
 n - a scroll of teleportation
 p - 2 scrolls of amnesia
 B - a scroll of summoning
Potions
 c - a potion of might
 u - 3 potions of magic
 v - a potion of flight
Miscellaneous
 C - a phial of floods (inert)


   Skills:
 + Level 7.6 Fighting
 + Level 6.1 Short Blades
 + Level 2.5(5.7) Axes
 + Level 8.0(8.2) Maces & Flails
 + Level 8.0 Dodging
 + Level 6.9 Shields
 + Level 0.1 Unarmed Combat
 * Level 7.7 Invocations
 + Level 1.4 Evocations


You had 10 spell levels left.
You didn't know any spells.
Your spell library contained the following spells:

 Spells                   Type           Power      Damage    Failure   Level
 Blink                    Tloc           0%         N/A       58%         2
 Sublimation of Blood     Necr           0%         N/A       58%         2
 Lesser Beckoning         Tloc           0%         N/A       82%         3
 Summon Guardian Golem    Hex/Summ       0%         N/A       82%         3
 Tukima's Dance           Hex            0%         N/A       82%         3
 Passage of Golubria      Tloc           0%         N/A       99%         4
 Petrify                  Tmut/Erth      0%         N/A       99%         4
 Irradiate                Conj/Tmut      0%         3d13      100%        5
 Manifold Assault         Tloc           0%         N/A       100%        5
 Yara's Violent Unravell  Hex/Tmut       0%         3d3       100%        5
 Orb of Destruction       Conj           0%         9d5       100%        7
 Spellforged Servitor     Conj/Summ      0%         N/A       100%        7


Dungeon Overview and Level Annotations

Branches:
Dungeon (10/15)            Temple (1/1) D:4            Lair (0/6) D:9
    Orc: D:9-12

Altars:
Ashenzari
Cheibriados
Dithmenos
Elyvilon
Fedhas
Gozag
Hepliaklqana
Kikubaaqudgha
Makhleb
Nemelex Xobeh
Okawaru
Qazlal
Ru
Sif Muna
Trog
Uskayaw
Vehumet
Wu Jian
Xom
Yredelemnul
Zin
The Shining One

Shops:
D:4 [   D:6 *   D:7 [

Annotations:
D:9 2 transporters, jytt13's ghost, novice MiFi


Innate Abilities, Weirdness & Mutations

Your dull iron-grey scales are very hard. (AC +12)
You are amphibious.
You cannot fit into any form of body armour.
You are cold-blooded and may be slowed by cold attacks.
You have a beak for a mouth.
Your tail ends in a venomous barb.
You tend to lose your temper in combat.
Your flesh is cold resistant. (rC+)


Message History

You are more poisoned.
You block the orc warrior's attack.
The orc priest mumbles some strange prayers to Beogh against you.
Beogh smites you!
* * * LOW HITPOINT WARNING * * *
Something hits you but does no damage. You block the orc's attack.
Something hits you but does no damage.
The orc priest miscasts a cantrip.
You block the orc's attack.
The orc warrior hits you but does no damage.
You block the orc wizard's attack.
As you read the scroll of teleportation, it crumbles to dust.
You feel strangely unstable.
You feel sick. Something hits you!
* * * LOW HITPOINT WARNING * * *
You block the orc warrior's attack. The orc misses you.
You block the orc warrior's attack.
The orc wizard hits you with a +2 dagger of venom.
* * * LOW HITPOINT WARNING * * *
An orc wizard comes into view. It is wielding a +0 dagger.
The orc priest calls upon Beogh to heal the orc wizard.
The orc wizard's wounds heal themselves!
You fade into invisibility!
* * * LOW HITPOINT WARNING * * *
You feel sick.
The orc priest looks satisfied for a moment.
Something hits you but does no damage. The orc hits you but does no damage.
The orc warrior barely misses you. x2
The orc wizard hits you but does no damage.
You are lethally poisoned!
The orc priest closely misses you.
Okay, then.
* * * LOW HITPOINT WARNING * * *
You feel very sick. Something barely misses you.
The orc priest hits you but does no damage.
You block the orc warrior's attack. The orc closely misses you.
The orc warrior barely misses you.
The orc wizard points at you and mumbles some strange words.
The magic dart hits you!
You die...

.....................##...
#.. ..)..................#
+## ###
.....................##
...........)..........o
..........)........o###
.........[...)........#
...........!.)..o.....#
............)...oo....#
...............o@#...##
...............ooo...+
.............)o#o..#
....)........####...
...........?# #.
............# ...........#
........# ........#


You could see 2 orc warriors, 2 orc priests, 2 orc wizards and 4 orcs.

Vanquished Creatures
  Gastronok (D:9)
  A two-headed ogre (D:10)
  An ugly thing (D:7)
  A troll (D:9)
  A wraith (D:9)
  15 yaks
  A wyvern (D:9)
  A steam dragon (D:6)
  Grum (D:8)
  An acid dragon (D:10)
  A water moccasin (D:6)
  3 orc warriors
  4 black bears
  3 ice beasts
  2 ogres
  3 wolves (D:7)
  A centaur (D:10)
  A phantom (D:6)
  A kobold brigand (D:6)
  3 bullfrogs
  3 necrophages
  A gnoll sergeant (D:9)
  6 scorpions
  6 wights
  2 howler monkeys (D:7)
  4 electric eels (D:8)
  2 jellies
  5 hounds
  An orc priest (D:7)
  Jessica (D:2)
  3 iguanas
  7 orc wizards
  2 human simulacra (D:9)
  Robin (D:1)
  7 gnolls
  3 adders
  A white imp (D:7)
  4 worms
  A dart slug (D:2)
  34 orcs
  3 ball pythons (D:4)
  2 endoplasms
  5 giant cockroaches
  16 goblins
  6 hobgoblins
  9 kobolds
  A quokka (D:1)
  A bat (D:1)
  A frilled lizard (D:2)
  7 rats
191 creatures vanquished.

Vanquished Creatures (others)
  2 fungi (D:9)
  4 plants
6 creatures vanquished.

Grand Total: 197 creatures vanquished

Notes
Turn   | Place    | Note
-------+----------+-------------------------------------------
     0 | D:1      | Lekart the Draconian Fighter began the quest for the Orb.
     0 | D:1      | Reached XP level 1. HP: 19/19 MP: 1/1
   216 | D:1      | Found a faded altar of an unknown god.
   262 | D:1      | Reached XP level 2. HP: 26/26 MP: 2/2
   951 | D:2      | Noticed Robin
   960 | D:2      | Reached XP level 3. HP: 20/32 MP: 3/3
   973 | D:1      | Killed Robin
  1378 | D:2      | Noticed Jessica
  1380 | D:2      | Killed Jessica
  1381 | D:2      | Reached XP level 4. HP: 40/40 MP: 4/4
  1418 | D:2      | Reached skill level 1 in Short Blades
  1616 | D:2      | You fall into a shaft and drop 2 floors!
  1626 | D:4      | Found Voaqenat's Antique Armour Emporium.
  1766 | D:4      | Reached XP level 5. HP: 46/46 MP: 5/5
  1844 | D:4      | Reached XP level 6. HP: 39/53 MP: 6/6
  1941 | D:4      | Found a shadowy altar of Dithmenos.
  1941 | D:4      | Found a white marble altar of Elyvilon.
  1992 | D:4      | Found a hide-covered altar of Uskayaw.
  1993 | D:4      | Found a burning altar of Makhleb.
  2004 | D:4      | Became a worshipper of Makhleb the Destroyer
  2358 | D:4      | Found a staircase to the Ecumenical Temple.
  2662 | Temple   | Entered the Ecumenical Temple
  2881 | D:5      | Entered Level 5 of the Dungeon
  3157 | D:5      | Reached skill level 1 in Invocations
  3287 | D:5      | Your scales start taking on a dull iron-grey colour.
  3287 | D:5      | Reached XP level 7. HP: 54/60 MP: 7/7
  3467 | D:5      | Reached skill level 5 in Fighting
  3835 | D:6      | Reached skill level 5 in Dodging
  3892 | D:6      | Reached skill level 5 in Short Blades
  3892 | D:6      | Reached XP level 8. HP: 62/68 MP: 10/10
  3902 | D:6      | Reached * piety under Makhleb
  3995 | D:6      | Found Licreloi's Assorted Antiques.
  4003 | D:6      | Bought an encrusted whip for 202 gold pieces
  4003 | D:6      | Identified the +7 whip of Ignis's Esteem {vorpal, Dex+4}
                  | (You bought it in a shop on level 6 of the Dungeon)
  4217 | D:6      | Reached skill level 1 in Maces & Flails
  5306 | D:7      | Found Vemuih's Antique Armour Boutique.
  5411 | D:7      | Reached XP level 9. HP: 75/75 MP: 12/12
  5926 | D:7      | Noticed a green ugly thing
  5940 | D:7      | Gained mutation: You have a beak for a mouth. [potion of
                  | mutation]
  5940 | D:7      | Gained mutation: Your tail ends in a venomous barb. [potion
                  | of mutation]
  5940 | D:7      | Gained mutation: You tend to lose your temper in combat.
                  | [potion of mutation]
  5940 | D:7      | Gained mutation: Your flesh is cold resistant. (rC+)
                  | [potion of mutation]
  5942 | D:7      | Killed a green ugly thing
  5943 | D:7      | Reached skill level 5 in Shields
  6255 | D:7      | Reached ** piety under Makhleb
  6524 | D:7      | Reached skill level 5 in Invocations
  6537 | D:7      | Reached skill level 1 in Evocations
  6709 | D:8      | Reached skill level 5 in Maces & Flails
  6765 | D:8      | Noticed Grum
  7007 | D:8      | Killed Grum
  7565 | D:8      | Reached XP level 10. HP: 74/84 MP: 14/14
  7774 | D:9      | Noticed Gastronok
  7797 | D:9      | Killed Gastronok
  8212 | D:9      | Found a transporter.
  8215 | D:9      | Noticed a white ugly thing
  8216 | D:9      | Noticed a two-headed ogre
  8216 | D:9      | Noticed a manticore
  8217 | D:9      | Noticed jytt13's ghost (novice MiFi)
  8228 | D:9      | Found a transporter.
  8551 | D:9      | Found a staircase to the Lair.
  8675 | D:10     | Entered Level 10 of the Dungeon
  8788 | D:10     | Reached *** piety under Makhleb
  8824 | D:10     | Reached XP level 11. HP: 80/92 MP: 16/16
  9077 | D:10     | Noticed a two-headed ogre
  9125 | D:10     | Killed a two-headed ogre
  9197 | D:10     | HP: 4/92 [poisoned by an orc wizard]
  9197 | D:10     | Killed from afar by an orc wizard

Illustrated notes

Levels and vault maps discovered:
D:1:      onia_arrival_handbag, layout_loops_ring,
          hellmonk_ecumenical_altar_pennies_from_heaven, kennysheep_boxes
D:2:      layout_loops_cross, uniq_crazy_yiuf_cottage, uniq_robin, uniq_jessica
D:4:      layout_basic, chequers_temple_overflow_statue_of_worship,
          lemuel_temple_firewalk_b, serial_shops, shop, interstate_on_off
D:5:      layout_basic, dk_noncrumbling_3
D:6:      layout_loops_ring, serial_shops, shop_statue
D:7:      layout_gridville, serial_shops, nicolae_stop_n_shop_1
D:8:      layout_rooms, chequers_big_river, uniq_grum
D:9:      layout_roguey, grunt_lair_entry_orc_guard_hut, nzn_ghost_randoct,
          grunt_ministairs_15, serial_bayou_pond_a, bh_circular_ruins,
          uniq_gastronok
D:10:     layout_basic, hiddenorc2_lemuel, grunt_tough_drop
Temple:   regret_index_temple_mists

Skill      XL: |  1  2  3  4  5  6  7  8  9 10 11 |
---------------+----------------------------------+-----
Dodging        | 3 4 5 6 7 8 |  8.0
Short Blades   | 1 2 3 5 6 |  6.1
Fighting       | 4 5 6 7 |  7.6
Shields        | 4 5 6 |  6.9
Invocations    | 1 3 4 6 7 |  7.7
Maces & Flails | 2 5 7 8 |  8.0
Evocations     | 1 |  1.4
Axes           | |  2.5
Unarmed Combat | |  0.1

Action                   |  1- 3 |  4- 6 |  7- 9 | 10-12 || total
-------------------------+-------+-------+-------+-------++-------
Melee: Dagger            |    75 |   104 |   105 |       ||   284
       War axe           |    12 |       |       |    10 ||    22
       Tailslap          |     9 |    11 |    50 |    46 ||   116
       Whip              |       |       |   201 |   237 ||   438
       Unarmed           |       |       |     3 |       ||     3
       Peck              |       |       |    23 |    59 ||    82
Throw: Throwing net      |       |       |       |     2 ||     2
Evoke: Wand              |       |       |     5 |     3 ||     8
       Phial of floods   |       |       |       |     1 ||     1
  Use: Scroll            |     5 |     5 |     3 |     3 ||    16
       Potion            |     1 |       |     4 |     3 ||     8
 Stab: Sleeping          |       |     2 |       |       ||     2
       Distracted        |       |     1 |     1 |       ||     2
Armor: Skin              |    27 |    18 |   111 |   123 ||   279
Dodge: Dodged            |    39 |    23 |   157 |   187 ||   406
Block: Buckler           |    19 |    16 |    97 |    87 ||   219

Table legend: (Time is in decaauts)
 A = Elapsed time spent in this place.
 B = Non-inter-level travel time spent in this place.
 C = Inter-level travel time spent in this place.
 D = Time resting spent in this place.
 E = Time spent auto-exploring this place.
 F = Levels seen in this place.
 G = Mean time per level.
                   A        B        C        D        E       F      G
               +--------+--------+--------+--------+--------+-----+--------+
         Total |   9180 |   8821 |    359 |   1141 |   6097 |  10 |  918.0 |
       Dungeon |   8958 |   8628 |    330 |   1141 |   5925 |   9 |  995.3 |
        Temple |    222 |    193 |     29 |      0 |    172 |   1 |  222.0 |
               +--------+--------+--------+--------+--------+-----+--------+

Top non-repeatable levels by time:
     D:6: 1599 daAuts
     D:7: 1548 daAuts
     D:1: 1119 daAuts
     D:4: 1090 daAuts
     D:9: 920 daAuts
     D:5: 852 daAuts
     D:8: 824 daAuts
     D:2: 505 daAuts
    D:10: 496 daAuts
  Temple: 222 daAuts
